 Dungeon Crawl Stone Soup version 0.30-a0-1124-g6e8f0f562f (webtiles) character file.

Game seed: 963094655289850632

210346 Sobieck the Alchemist (level 18, 0/234 HPs)
             Began as a Yellow Draconian Transmuter on Apr 23, 2023.
             Was the Champion of Wu Jian.
             Slain by a catoblepas (4 damage)
             ... led by Polyphemus
             ... on level 3 of the Shoals.
             The game lasted 02:08:53 (33400 turns).

Sobieck the Alchemist (DrTm)                       Turns: 33400, Time: 02:08:54

Health: 0/234      AC: 20    Str: 30    XL:     18   Next: 18%
Magic:  33/33      EV: 18    Int: 14    God:    Wu Jian [******]
Gold:   1257       SH:  0    Dex: 12    Spells: 13/39 levels left

rFire   . .          .
                       - Unarmed
rCold   + . .        (shield currently unavailable)
rNeg    . . .        (body armour unavailable)
rPois   +            f - melded +0 hat
rElec   .            Q - melded +2 cloak {Stlth+}
rCorr   +            l - melded +0 pair of gloves
SInv    .            h - melded +2 pair of boots
Will    ++...        Y - amulet of Vitality {RegenMP++ Regen++}
Stlth   +            z - ring of protection from cold
HPRegen 2.19/turn    j - ring of willpower
MPRegen 1.03/turn

%: no passive effects
@: about to teleport, dragon-form, in a heavenly storm, flying, glowing,
studying Ranged Weapons
A: dragon claw, dragon scales, flying, boosted hp, spit acid, AC +10, giant,
unfitting armour, acidic bite, (cold-blooded), acid resistance, inability to
drink after injury 1, inability to read after injury 1
}: 1/15 runes: serpentine
a: Breathe Acid, End Transformation, Renounce Religion, Wall Jump, Serpent's
Lash, Heavenly Storm


You were on level 3 of the Shoals.
You worshipped Wu Jian.
Wu Jian was exalted by your worship.
You were a fearsome golden dragon!
You visited 6 branches of the dungeon, and saw 30 of its levels.
You also visited: Bailey.

You collected 3265 gold pieces.
You spent 2008 gold pieces at shops.


Innate Abilities, Weirdness & Mutations

You are a fearsome golden dragon!
You have a powerful clawing attack.
Your giant scaled body is strong and resiliant, but less evasive.
Your breath weapon is enhanced in this form.
You are flying.
Your maximum health is greatly increased.
Your armour is entirely melded.
You are incapable of wielding weapons or throwing items.
You can spit globs of acid.
Your golden yellow scales are hard. (AC +10)
You cannot fit into any form of body armour.
You have acidic saliva.
((You are cold-blooded and may be slowed by cold attacks.))
You are resistant to acid. (rCorr)
You occasionally lose the ability to drink potions when taking damage.
You occasionally lose the ability to read scrolls when taking damage.


   Skills:
 + Level 12.7 Fighting
 + Level 12.8 Dodging
 - Level 4.0 Stealth
 * Level 16.2 Unarmed Combat
 - Level 11.0 Spellcasting
 - Level 4.0 Conjurations
 - Level 18.0 Transmutations
 - Level 3.0 Ice Magic
 - Level 9.0 Earth Magic
 - Level 5.0 Evocations


You had 13 spell levels left.
You knew the following spells:

 Your Spells              Type           Power      Damage    Failure   Level
a - Wereblood             Tmut           55%        N/A       0%          2
b - Dragon Form           Tmut           27%        N/A       4%          7
c - Ice Form              Ice/Tmut       37%        N/A       1%          4
e - Passwall              Tmut/Erth      37%        N/A       1%          2
f - Statue Form           Tmut/Erth      30%        N/A       5%          6
g - Irradiate             Conj/Tmut      19%        3d18      2%          5

Your spell library contained the following spells:

 Spells                   Type           Power      Damage    Failure   Level
 Beastly Appendage        Tmut           100%       N/A       0%          1
 Spider Form              Tmut/Pois      32%        N/A       1%          3
 Petrify                  Tmut/Erth      45%        N/A       1%          4
 Blade Hands              Tmut           27%        N/A       1%          5
 Freeze                   Ice            64%        1d7       2%          1
 Alistair's Intoxication  Tmut/Pois      21%        N/A       6%          5
 Hailstorm                Conj/Ice       17%        3d6       7%          3
 Ensorcelled Hibernation  Hex/Ice        22%        N/A       8%          2
 Frozen Ramparts          Ice            32%        1d5       9%          3
 Apportation              Tloc           14%        N/A       10%         1
 Dazzling Flash           Conj/Hex       26%        N/A       12%         3
 Cigotuvi's Dreadful Rot  Necr/Pois/Air  14%        N/A       14%         2
 Swiftness                Air            7%         N/A       28%         3
 Vhi's Electric Charge    Tloc/Air       14%        N/A       28%         3
 Summon Ice Beast         Ice/Summ       11%        N/A       45%         4
 Anguish                  Hex/Necr       3%         N/A       67%         4
 Dispel Undead            Necr           7%         3d8       67%         4
 Summon Lightning Spire   Summ/Air       7%         N/A       67%         4
 Iron Shot                Conj/Erth      12%        9d3       69%         6
 Arcjolt                  Conj/Air       6%         1d16      75%         5
 Metabolic Englaciation   Hex/Ice        5%         N/A       80%         5
 Storm Form               Tmut/Air       16%        N/A       89%         7
 Agony                    Necr           7%         N/A       95%         5
 Silence                  Hex/Air        3%         N/A       95%         5
 Summon Forest            Summ/Tloc      3%         N/A       95%         5
 Summon Mana Viper        Hex/Summ       7%         N/A       95%         5
 Death Channel            Necr           3%         N/A       100%        6
 Plasma Beam              Fire/Air       3%         2x1d15    100%        6
 Simulacrum               Ice/Necr       5%         N/A       100%        6
 Monstrous Menagerie      Summ           3%         N/A       100%        7
 Ozocubu's Refrigeration  Ice            8%         4d9       100%        7
 Spellforged Servitor     Conj/Summ      6%         N/A       100%        7
 Maxwell's Capacitive Co  Air            3%         ∞         100%        8
 Polar Vortex             Ice            8%         N/A       100%        9
 Animate Armour           Summ/Erth      Unusable   N/A       N/A         4

Inventory:

Hand Weapons
 M - the +8 spear "Killer Klown's Peril" {holy, rC+, polearm}
   (You found it on level 5 of the Lair of Beasts)

   rC:        It protects you from cold.
Missiles
 g - 6 javelins {throwing}
 o - 54 poisoned darts {throwing}
 r - a silver javelin {throwing}
 y - 8 throwing nets {=f!fthrowing}
 B - a curare-tipped dart {=fthrowing}
 K - 2 atropa-tipped darts {throwing}
 X - 30 boomerangs {throwing}
Armour
 f - a +0 hat (melded)
   (You bought it in a shop on level 2 of the Shoals)
 h - a +2 pair of boots (melded)
   (You found it on level 3 of the Snake Pit)
 l - a +0 pair of gloves (melded)
   (You took it off Nikola on level 3 of the Snake Pit)
 Q - a +2 cloak of stealth (melded)
   (You took it off Nikola on level 3 of the Snake Pit)
Jewellery
 b - a ring of ice
   (You found it on level 4 of the Snake Pit)
 j - a ring of willpower (right foreclaw)
   (You found it on level 2 of the Lair of Beasts)
 q - an amulet of regeneration {@e2}
   (You found it on level 3 of the Dungeon)
 z - a ring of protection from cold (left foreclaw)
   (You found it on level 6 of the Dungeon)
 J - a ring of magical power
   (You found it on level 4 of the Lair of Beasts)
 T - a +6 ring of intelligence
   (You took it off a tengu conjurer on level 14 of the Dungeon)
 W - a +5 ring of evasion
   (You took it off a rakshasa on level 15 of the Dungeon)
 Y - the amulet of Vitality (around neck) {RegenMP++ Regen++}
   (You bought it in a shop on level 2 of the Orcish Mines)

   [amulet of magic regeneration]

   It increases your rate of magic regeneration.
   Regen:     It increases your rate of health regeneration.
 Z - an amulet of reflection
   (You took it off a naga mage on level 1 of the Snake Pit)
Wands
 c - a wand of mindburst (6)
   (You found it on level 1 of the Lair of Beasts)
 d - a wand of light (10)
   (You found it on level 5 of the Dungeon)
 k - a wand of charming (9)
   (You found it on level 3 of the Dungeon)
 p - a wand of digging (19)
   (You found it on level 5 of the Dungeon)
 u - a wand of flame (37)
   (You found it on level 5 of the Dungeon)
 I - a wand of polymorph (12)
   (You found it on level 4 of the Lair of Beasts)
 R - a wand of iceblast (15)
   (You found it on level 13 of the Dungeon)
Scrolls
 m - 3 scrolls of fear
 t - a scroll of silence {!r}
 w - 6 scrolls of immolation {!r!r}
 x - 5 scrolls of vulnerability {!r!r}
 C - 10 scrolls of teleportation {@r4}
 H - 2 scrolls of magic mapping {!r}
 L - a scroll of fog
 V - 8 scrolls of identify {@r1}
Potions
 a - 3 potions of flight
 e - 2 potions of attraction {!q}
 i - a potion of magic
 n - 4 potions of brilliance
 s - 4 potions of berserk rage {!q}
 v - 4 potions of resistance
 A - 2 potions of ambrosia
 D - 3 potions of lignification {!q}
 E - a potion of cancellation
 F - 3 potions of heal wounds {@q2}
 N - 10 potions of curing {@q1}
 O - 2 potions of invisibility
 P - 4 potions of mutation {!q}
 U - 2 potions of might
Miscellaneous
 G - a piece from Xom's chessboard (15/15)
   (You found it on level 11 of the Dungeon)
 S - a phantom mirror
   (You found it on level 2 of the Shoals)

Dungeon Overview and Level Annotations

Branches:
Dungeon (15/15) Zot: 25754  Temple (1/1) D:4 Zot: 5768    Lair (5/5) D:9 Zot: 22113
 Shoals (3/4) Lair:3 Zot: 15600   Snake (4/4) Lair:2 Zot: 19461   Slime (0/5) Lair:5
    Orc (2/2) D:10 Zot: 9895     Elf (0/3) Orc:2        Vaults (0/5) D:14
 Depths (0/4) D:15         Bailey (visited)

Altars:
Ashenzari
Cheibriados
Dithmenos
Elyvilon
Fedhas
Gozag
Hepliaklqana
Kikubaaqudgha
Makhleb
Nemelex Xobeh
Okawaru
Qazlal
Ru
Sif Muna
Trog
Uskayaw
Vehumet
Wu Jian
Xom
Yredelemnul
Zin
The Shining One
Jiyva
Lugonu

Shops:
D:6 (   D:7 :   D:11 [   Orc:2 :=*[*   Shoals:2 [   Snake:4 *

Portals:
Abyss: Shoals:1
Pandemonium: Orc:2

Annotations:
D:5 3 runed translucent doors, kuroshi's ghost, amateur DjFE
D:10 1 runed translucent door, hwolsky's ghost, journeyman MiFi
D:13 3 runed translucent doors, zlionsfan's ghost, journeyman DrGl
D:15 Agnes

≈≈≈≈~~. ≈≈≈~...^.. .. ≈≈≈≈~~~
≈≈~~~....## ...~ ≈≈≈≈~~.
≈≈≈≈≈~...§###..~~ ≈≈~~~~
≈≈≈≈≈≈~~.§$....~~ ~~~~~~
~≈≈≈≈≈≈≈≈§.....~~
~~~~~~~~~~~≈≈≈≈§§§§☼~~~.~~~~≈≈≈~~
~~....~~~~~~≈≈§☼☼§§§§~~~~~~~~~~~~
~~.# #.~≈≈~~≈≈☼☼☼Y§§§~~~.~~~~~~~~
...# #.~≈≈≈≈≈≈§§DYY§§≈Y...~~~~~~~
...###..≈~≈≈~≈§§§mY§§......~~~~~~
...<...~~~~~~~§☼☼§☼P☼.......~~~~~
...[~~~~~~~~~..☼§§§PP☼P.P...~~~~~
...<~~~~~~≈~...☼P§§§☼☼☼......~~~.
#####.~~≈≈~....☼☼PP§☼§☼P..$.P~~.$
# ##.~≈~...".☼§§PP☼☼§°.P...~.>. #
##..~......§§☼☼§§§.....P.... #
##.......PPP§§☼P§PP........


You could see a merfolk impaler, 3 death yaks and a catoblepas.


Message History

The Council accepts your kill.
You hear a bellow! x2
The merfolk impaler hits you from afar with a +0 trident of distortion!
* * * LOW HITPOINT WARNING * * *
You hear a bellow!
The faun completely misses you.
Things that are here:
a +0 sling; a +0 spear {polearm} Unknown command.
You lunge at the faun, in a flurry of attacks.
You maul the faun!!!!
You kill the faun!
The Council accepts your kill.
The merfolk impaler hits you from afar with a +0 trident of distortion.
* * * LOW HITPOINT WARNING * * *
Space warps horribly around you!
* * * LOW HITPOINT WARNING * * *
Unknown command.
You lunge at Polyphemus.
You maul Polyphemus!!!!
You claw Polyphemus!!
You hear a bellow! x2
Polyphemus hits you!!
* * * LOW HITPOINT WARNING * * *
Polyphemus hits you but does no damage.
Unknown command.
Unknown command.
You spin and attack Polyphemus.
You claw Polyphemus!
You kill Polyphemus!
The Council accepts your kill.
The merfolk impaler completely misses you. x2
Unknown command.
Unknown command.
A death yak comes into view.
You hear a bellow!
The death yak moves out of view.
Things that are here:
12 large rocks {=fthrowing}; 2 potions of lignification {!q}; the cyclops corpse of Polyphemus 2 death yaks come into view.
The death yak moves out of view. x2
Unknown command.
A death yak comes into view.
The death yak moves out of view.
Unknown command.
You maul the plant!!!!
The plant begins to die.
You bite the plant!!
The acid corrodes the plant!
The merfolk impaler hits you from afar with a +0 trident of distortion!
* * * LOW HITPOINT WARNING * * *
You blink.
Unknown command.
You hear a bellow! x2
The merfolk impaler hits you from afar with a +0 trident of distortion!
* * * LOW HITPOINT WARNING * * *
Space warps around you.
* * * LOW HITPOINT WARNING * * *
The merfolk impaler hits you from afar with a +0 trident of distortion.
* * * LOW HITPOINT WARNING * * *
Space warps horribly around you!
* * * LOW HITPOINT WARNING * * *
Unknown command.
You lunge at the death yak.
You maul the death yak!!!
You tail-slap the death yak.
You feel your willpower return. The death yak misses you.
Unknown command.
You spin and attack the death yak.
You hit the death yak. You claw the death yak!! You bite the death yak!
The acid corrodes the death yak!
The death yak barely misses you.
Unknown command.
You spin and attack the death yak.
You maul the death yak!!!
You kill the death yak!
The Council accepts your kill. The death yak gores you!
* * * LOW HITPOINT WARNING * * *
The death yak gores the plant!
The plant begins to die.
Unknown command.
Unknown command.
As you read the scroll of teleportation {@r4}, it crumbles to dust.
You feel strangely unstable.
The catoblepas breathes a plume of calcifying dust at you.
The blast of calcifying dust hits you but does no damage.
The merfolk impaler hits you from afar with a +0 trident of distortion.
* * * LOW HITPOINT WARNING * * *
You blink.
The merfolk impaler hits you from afar with a +0 trident of distortion!
* * * LOW HITPOINT WARNING * * *
Unknown command.
You spin and attack the catoblepas.
You maul the catoblepas!!!
You tail-slap the catoblepas, but do no damage.
The merfolk impaler hits you with a +0 trident of distortion.
* * * LOW HITPOINT WARNING * * *
Space warps around you.
* * * LOW HITPOINT WARNING * * *
The catoblepas gores you!
* * * LOW HITPOINT WARNING * * *
The merfolk impaler closely misses you.
Unknown command.
The merfolk impaler attacks as you move away!
The merfolk impaler closely misses you.
The catoblepas attacks as you move away!
The catoblepas gores you.
You die...

Skill      XL: |  1  2  3  4  5  6  7  8  9 10 11 12 13 14 15 16 17 18 |
---------------+-------------------------------------------------------+-----
Stealth        | 1 2 4 |  4.0
Fighting       | 2 3 4 5 7 8 9 10 11 12 | 12.7
Unarmed Combat | 4 5 7 8 10 11 12 13 15 16 | 16.2
Dodging        | 2 3 5 6 8 11 12 | 12.8
Evocations     | 1 3 5 |  5.0
Ice Magic      | 2 3 |  3.0
Transmutations | 3 5 9 12 13 15 18 | 18.0
Spellcasting   | 5 8 11 | 11.0
Earth Magic    | 9 |  9.0
Conjurations   | 4 |  4.0

Action                     |  1- 3 |  4- 6 |  7- 9 | 10-12 | 13-15 | 16-18 || total
---------------------------+-------+-------+-------+-------+-------+-------++-------
  Melee: Unarmed           |    98 |   197 |   191 |   636 |   911 |   586 ||  2619
         Kick              |    19 |    50 |    44 |   119 |       |       ||   232
         Tailslap          |    11 |    19 |    30 |    84 |   138 |    88 ||   370
         Headbutt          |    11 |    26 |    25 |    78 |       |       ||   140
         Punch             |     1 |     7 |     8 |    29 |    94 |    48 ||   187
         Bite              |       |       |       |       |    91 |    71 ||   162
   Cast: Beastly Appendage |    35 |    41 |    22 |    49 |       |       ||   147
         Blade Hands       |       |       |       |    29 |    87 |       ||   116
         Wereblood         |       |       |       |    25 |    39 |    39 ||   103
         Ice Form          |       |       |       |     1 |     4 |       ||     5
         Statue Form       |       |       |       |       |     6 |     1 ||     7
         Dragon Form       |       |       |       |       |       |    53 ||    53
 Invoke: Serpent's Lash    |       |       |       |     2 |     4 |       ||     6
         Heavenly Storm    |       |       |       |       |     2 |     3 ||     5
Ability: Breathe Acid      |       |       |    22 |    38 |    19 |     3 ||    82
         Lunge             |       |       |       |    55 |   113 |    83 ||   251
         Whirlwind         |       |       |       |    30 |   144 |   196 ||   370
         Wall Jump         |       |       |       |     3 |     7 |       ||    10
  Evoke: Wand              |       |       |     3 |     5 |       |       ||     8
    Use: Potion            |       |     3 |       |     9 |     3 |       ||    15
         Scroll            |       |    13 |       |     7 |    13 |     9 ||    42
   Stab: Sleeping          |     1 |     6 |       |     2 |     3 |     2 ||    14
         Distracted        |       |       |       |       |     1 |       ||     1
 Armour: Skin              |    26 |    64 |    76 |   206 |   203 |   230 ||   805
  Dodge: Dodged            |    47 |   113 |   120 |   404 |   531 |   330 ||  1545

Levels and vault maps discovered:
D:1:      arrival_zaba_pyramid, layout_basic, chequers_avenue,
          minmay_gold_behind_fungi, st_stairs_6, minmay_pentomino_x2
D:2:      layout_basic
D:3:      minmay_skewed_foursquare, layout_basic,
          mainiacjoe_overflow_small_starburst, nicolae_goblin_pals
D:4:      layout_cave_pods, minmay_temple_entry_statues, minivault_25
D:5:      layout_loops_ring, gammafunk_ghost_icy, uniq_grinder
D:6:      layout_basic, gammafunk_temple_overflow_wave, nicolae_take_the_stairs,
          hex_large, nicolae_concentric_dashed_squares_mild
D:7:      layout_cave_pools, serial_shops, shop
D:8:      layout_basic, nicolae_sif_muna_condensation,
          chequers_serial_rivers_small_3
D:9:      layout_basic, lemuel_coloured_pillars_altar, hellmonk_lair_entry_icy
D:10:     layout_basic, old_standard_altar, mainiacjoe_overflow_six_doors_small,
          lemuel_tele_altar, old_standard_altar,
          nicolae_gozag_cash_rules_everything_around_me,
          kennysheep_orc_monster_closet_entryway, gammafunk_ghost_grave,
          enter_bailey_3
D:11:     layout_irregular_city, serial_column_ruins, column_ruins_hut,
          column_ruins_columns_T, column_ruins_open_small,
          column_ruins_open_tiny, column_ruins_columns_straight,
          column_ruins_columns_straight, column_ruins_columns_dead_end,
          serial_shops, shop
D:12:     layout_loops_ring, amcnicky_mini_pool_medium
D:13:     layout_gridville, gammafunk_ghost_necromancy, uniq_maurice
D:14:     layout_irregular_city, erik_vaults_2, chequers_jeans
D:15:     grunt_enter_depths_snipers, layout_loops_ring, minivault_11,
          lemuel_flamethrower_3, uniq_agnes, uniq_josephine
Temple:   nicolae_temple_slightly_damp_pantheon
Lair:1:   beast_lair_carwin_large_2, layout_regular_city, grunt_megastairs_3,
          serial_bayou_shore_a
Lair:2:   layout_small_grid, guppyfry_snake_entry_island, serial_bayou_shore_b
Lair:3:   dragon1_lemuel, layout_misc_corridors,
          minmay_shoals_entry_lonely_mermaid, grunt_forest_large_clearings,
          lemuel_fruit_tree
Lair:4:   layout_roguey, grunt_megastairs_5
Lair:5:   guppyfry_lair_end_dragon, layout_long_grid, hangedman_lair_in_review,
          slime_entry_1
Shoals:1: layout_shoals, amcnicky_altar_lugonu_corruption
Shoals:2: nicolae_shoals_lighthouse, layout_shoals, serial_shops,
          nicolae_shop_hallway_stairs
Shoals:3: layout_shoals, nicolae_shoals_shepherds, uniq_polyphemus
Snake:1:  layout_rooms, hangedman_snake_corridor_cut, uniq_donald
Snake:2:  layout_chambers, uniq_louise
Snake:3:  layout_cave_shapes, nicolae_snake_coiling_death, uniq_nikola,
          uniq_vashnia, uniq_aizul
Snake:4:  minmay_snake_end_coiled, layout_cave_town, serial_shops, shop
Orc:1:    layout_diamond_mine, mines2_david
Orc:2:    pf_orc_diabolical, layout_diamond_mine, serial_shops, shop

Notes
Turn   | Place    | Note
-------+----------+-------------------------------------------
     0 | D:1      | Sobieck the Draconian Transmuter began the quest for the
                  | Orb.
     0 | D:1      | Reached XP level 1. HP: 16/16 MP: 3/3
   143 | D:1      | Reached XP level 2. HP: 18/23 MP: 1/5
   407 | D:1      | Reached skill level 1 in Stealth
   579 | D:1      | Reached XP level 3. HP: 29/29 MP: 4/6
  1223 | D:2      | Reached skill level 2 in Fighting
  2172 | D:2      | Reached skill level 4 in Unarmed Combat
  2225 | D:2      | Reached XP level 4. HP: 32/36 MP: 5/7
  2398 | D:3      | HP: 5/36 [orc priest/nerve-wracking pain (11)]
  2403 | D:3      | HP: 2/37 [poisoned by an adder]
  2408 | D:3      | Reached skill level 2 in Stealth
  2410 | D:3      | HP: 9/37 [orc wizard/+0 dagger (1)]
  2418 | D:3      | Reached XP level 5. HP: 13/44 MP: 8/8
  2734 | D:3      | Identified the +0 helmet "Ziufuesu" {rF+ rC+}
  2734 | D:3      | Noticed Robin
  3001 | D:2      | Killed Robin
  3002 | D:2      | Reached skill level 3 in Fighting
  3080 | D:3      | Noticed Ijyb
  3084 | D:3      | HP: 6/45 [Ijyb/iceblast (8)]
  3089 | D:3      | HP: 10/67 [+2 spectral club[Ijyb] (1)]
  3094 | D:3      | Killed Ijyb
  3095 | D:3      | Reached skill level 5 in Unarmed Combat
  3579 | D:3      | You pick up a book of Decay and begin reading...
  3579 | D:3      | You add the spells Cigotuvi's Dreadful Rot, Dispel Undead
                  | and Death Channel to your library.
  3914 | D:3      | Found an iron altar of Okawaru.
  4555 | D:4      | Reached XP level 6. HP: 51/51 MP: 7/9
  4638 | D:4      | You pick up a book of Burglary and begin reading...
  4638 | D:4      | You add the spells Passwall, Ensorcelled Hibernation and
                  | Swiftness to your library.
  5038 | D:4      | Found a staircase to the Ecumenical Temple.
  5046 | Temple   | Entered the Ecumenical Temple
  5379 | D:4      | Reached skill level 4 in Fighting
  5379 | D:4      | Reached skill level 6 in Unarmed Combat
  5526 | D:5      | Entered Level 5 of the Dungeon
  5734 | D:5      | Learned a level 2 spell: Wereblood
  5792 | D:5      | Found a runed translucent gate.
  5792 | D:5      | Found a runed translucent gate.
  5796 | D:5      | Found a runed translucent gate.
  5896 | D:5      | Noticed an ice beast
  5977 | D:5      | Noticed kuroshi's ghost (amateur DjFE)
  5994 | D:5      | Noticed Grinder
  6004 | D:5      | Killed Grinder
  6005 | D:5      | Reached skill level 7 in Unarmed Combat
  6005 | D:5      | Your scales start taking on a golden yellow colour.
  6005 | D:5      | Reached XP level 7. HP: 52/60 MP: 8/10
  6005 | D:5      | Gained mutation: You are resistant to acid. (rCorr) [Yellow
                  | Draconian growth]
  6371 | D:6      | Reached skill level 5 in Fighting
  6508 | D:6      | Found Jureiron's Weapon Boutique.
  6615 | D:6      | Reached skill level 8 in Unarmed Combat
  6615 | D:6      | Reached XP level 8. HP: 36/70 MP: 9/11
  6827 | D:6      | Reached skill level 6 in Fighting
  6904 | D:6      | Reached skill level 9 in Unarmed Combat
  7184 | D:6      | Found an ancient bone altar of Kikubaaqudgha.
  7184 | D:6      | Found a glowing silver altar of Zin.
  7541 | D:7      | Noticed a two-headed ogre
  7559 | D:7      | Killed a two-headed ogre
  7560 | D:7      | Reached skill level 7 in Fighting
  7560 | D:7      | Reached skill level 10 in Unarmed Combat
  7560 | D:7      | Reached skill level 2 in Dodging
  7560 | D:7      | Reached skill level 1 in Evocations
  7560 | D:7      | Reached XP level 9. HP: 79/79 MP: 10/12
  7586 | D:7      | Learned a level 4 spell: Ice Form
  7651 | D:7      | Found Avokas's Book Shop.
  7789 | D:7      | Reached skill level 2 in Evocations
  7842 | D:7      | Reached skill level 1 in Ice Magic
  8241 | D:8      | Reached skill level 3 in Dodging
  8343 | D:8      | Reached skill level 2 in Ice Magic
  8344 | D:8      | Reached skill level 3 in Transmutations
  8465 | D:8      | Reached skill level 3 in Evocations
  8470 | D:8      | Reached skill level 8 in Fighting
  8491 | D:8      | Reached XP level 10. HP: 83/88 MP: 13/13
  8501 | D:8      | Reached skill level 3 in Ice Magic
  8504 | D:8      | Reached skill level 4 in Dodging
  8504 | D:8      | Reached skill level 4 in Transmutations
  8725 | D:8      | You add the spells Vhi's Electric Charge, Arcjolt and
                  | Maxwell's Capacitive Coupling to your library.
  8946 | D:8      | Found a shimmering blue altar of Sif Muna.
  9284 | D:8      | Reached skill level 4 in Evocations
  9536 | D:9      | Reached skill level 11 in Unarmed Combat
  9570 | D:9      | Noticed a two-headed ogre
  9594 | D:9      | Killed a two-headed ogre
  9595 | D:9      | Reached skill level 5 in Transmutations
  9817 | D:9      | Reached skill level 9 in Fighting
  9845 | D:9      | Found a staircase to the Lair.
  9877 | D:9      | Reached skill level 5 in Dodging
  9877 | D:9      | Reached skill level 5 in Evocations
 10240 | D:9      | Found a shimmering altar of Xom.
 10426 | D:10     | Entered Level 10 of the Dungeon
 10426 | D:10     | Found an ornate altar of the Wu Jian Council.
 10434 | D:10     | Became a worshipper of the Wu Jian Council
 10507 | D:10     | Found a blossoming altar of Fedhas.
 10574 | D:10     | Found an opulent altar of Gozag.
 10666 | D:10     | Reached XP level 11. HP: 46/97 MP: 12/14
 10669 | D:10     | HP: 23/97 [killer bee (3)]
 10671 | D:10     | HP: 11/97 [killer bee (3)]
 10676 | D:10     | HP: 8/97 [poisoned by a killer bee]
 10869 | D:10     | Found a flagged portal.
 10873 | D:10     | Reached * piety under Wu Jian
 10878 | Bailey   | Entered a bailey
 11266 | Bailey   | You pick up a book of Iron and begin reading...
 11266 | Bailey   | You add the spells Blade Hands and Iron Shot to your
                  | library.
 11269 | Bailey   | Identified the +1 helmet "Peuneosu" {Dex+2}
 11362 | D:10     | Found a hazy altar of Hepliaklqana.
 11417 | D:10     | Found a sparkling altar of Nemelex Xobeh.
 11602 | D:10     | Found a runed translucent door.
 11602 | D:10     | Noticed hwolsky's ghost (journeyman MiFi)
 11664 | D:10     | Reached skill level 6 in Transmutations
 11787 | D:10     | Found a staircase to the Orcish Mines.
 11805 | D:10     | Reached ** piety under Wu Jian
 11926 | Lair:1   | Entered Level 1 of the Lair of Beasts
 11951 | Lair:1   | Reached skill level 6 in Dodging
 11968 | Lair:1   | Reached skill level 10 in Fighting
 12038 | Lair:1   | You pick up a book of the Senses and begin reading...
 12038 | Lair:1   | You add the spells Dazzling Flash, Agony and Silence to
                  | your library.
 12236 | Lair:1   | Learned a level 5 spell: Blade Hands
 12287 | Lair:1   | Reached skill level 12 in Unarmed Combat
 12396 | Lair:1   | Reached skill level 7 in Transmutations
 12701 | Lair:1   | Reached skill level 8 in Transmutations
 13143 | Lair:1   | Learned a level 2 spell: Passwall
 13235 | Lair:2   | Found a staircase to the Snake Pit.
 13340 | Lair:2   | Reached *** piety under Wu Jian
 13468 | Lair:2   | Noticed a five-headed hydra
 13477 | Lair:2   | Killed a five-headed hydra
 13699 | Lair:2   | Reached skill level 9 in Transmutations
 13932 | Lair:2   | Reached XP level 12. HP: 106/106 MP: 7/15
 14603 | Lair:3   | Found a staircase to the Shoals.
 14639 | Lair:3   | Reached skill level 10 in Transmutations
 14992 | Lair:3   | Reached skill level 11 in Transmutations
 15238 | Lair:3   | You pick up a book of Ice and begin reading...
 15238 | Lair:3   | You add the spells Simulacrum, Ozocubu's Refrigeration and
                  | Polar Vortex to your library.
 15322 | Lair:3   | Noticed a death yak
 15324 | Lair:3   | Reached skill level 12 in Transmutations
 15330 | Lair:3   | Reached **** piety under Wu Jian
 15338 | Lair:3   | HP: 25/106 [poisoned by a cane toad]
 15340 | Lair:3   | Reached skill level 7 in Dodging
 15343 | Lair:3   | HP: 15/106 [poisoned by a cane toad]
 15348 | Lair:3   | HP: 19/106 [poisoned by a cane toad]
 15353 | Lair:3   | HP: 6/106 [wolf (7)]
 15594 | Lair:3   | Noticed a fire dragon
 15607 | Lair:3   | Killed a fire dragon
 15608 | Lair:3   | Noticed an eight-headed hydra
 15612 | Lair:3   | Killed an 11-headed hydra
 15949 | Lair:3   | Killed a death yak
 16000 | Lair:3   | Reached skill level 8 in Dodging
 16083 | Lair:3   | Reached skill level 13 in Unarmed Combat
 16586 | Lair:4   | Reached XP level 13. HP: 113/113 MP: 9/16
 17231 | Lair:4   | Reached skill level 9 in Dodging
 17524 | Lair:5   | Entered Level 5 of the Lair of Beasts
 17804 | Lair:5   | Reached skill level 14 in Unarmed Combat
 17943 | Lair:5   | Reached ***** piety under Wu Jian
 18103 | Lair:5   | Reached skill level 10 in Dodging
 18171 | Lair:5   | HP: 27/113 [poisoned by a black mamba]
 18176 | Lair:5   | HP: 15/113 [poisoned by a black mamba]
 18181 | Lair:5   | HP: 15/113 [poisoned by a black mamba]
 18340 | Lair:4   | HP: 18/113 [death yak (23)]
 18340 | Lair:4   | HP: 7/113 [death yak (11)]
 18512 | Lair:5   | Reached skill level 15 in Unarmed Combat
 18818 | Lair:5   | Reached skill level 11 in Dodging
 18818 | Lair:5   | Gained mutation: You have acidic saliva. [Yellow Draconian
                  | growth]
 18818 | Lair:5   | Reached XP level 14. HP: 118/121 MP: 12/17
 18854 | Lair:5   | Found a viscous altar of Jiyva.
 18873 | Lair:5   | Found a staircase to the Slime Pits.
 19353 | Lair:5   | You pick up a book of Party Tricks and begin reading...
 19353 | Lair:5   | You add the spells Apportation and Alistair's Intoxication
                  | to your library.
 19648 | Lair:5   | Reached skill level 3 in Spellcasting
 19658 | Lair:5   | Identified the +8 spear "Killer Klown's Peril" {holy, rC+}
 19703 | Lair:5   | You pick up a book of Sloth and begin reading...
 19703 | Lair:5   | You add the spells Petrify, Metabolic Englaciation and
                  | Statue Form to your library.
 20218 | D:11     | You fall into a shaft and drop 1 floor!
 20420 | D:11     | You pick up a book of Frost and begin reading...
 20420 | D:11     | You add the spells Freeze, Frozen Ramparts and Hailstorm to
                  | your library.
 20522 | D:11     | Found Optaesad's Antique Armour Shop.
 20826 | D:12     | HP: 28/122 [very large slime creature (16)]
 20831 | D:12     | HP: 25/122 [centaur/arrow[a centaur warrior] (1)]
 21053 | D:12     | Reached skill level 4 in Spellcasting
 21500 | D:12     | Reached skill level 11 in Fighting
 21586 | D:13     | Noticed Maurice
 21595 | D:13     | Killed Maurice
 21649 | D:13     | Found a runed translucent gate.
 21649 | D:13     | Found a runed translucent gate.
 21649 | D:13     | Found a runed translucent gate.
 21674 | D:13     | You pick up a book of Dreams and begin reading...
 21747 | D:13     | You pick up a book of Lightning and begin reading...
 21822 | D:13     | You add the spells Summon Lightning Spire, Summon Forest
                  | and Spellforged Servitor to your library.
 21822 | D:13     | Got the Codex of Invitation
 21826 | D:13     | Identified the +7 war axe "Draconian's Bane" {flame, Int+2}
 22030 | D:13     | Noticed zlionsfan's ghost (journeyman DrGl)
 22125 | D:14     | You pick up a book of Burglary and begin reading...
 22540 | D:14     | You pick up a book of Beasts and begin reading...
 22540 | D:14     | You add the spells Summon Ice Beast, Summon Mana Viper and
                  | Monstrous Menagerie to your library.
 22639 | D:14     | Reached skill level 5 in Spellcasting
 22643 | D:14     | Reached skill level 13 in Transmutations
 22794 | D:14     | Found a gate to the Vaults.
 22813 | D:14     | Reached skill level 12 in Dodging
 23060 | D:15     | Entered Level 15 of the Dungeon
 23237 | D:15     | Reached XP level 15. HP: 113/132 MP: 19/23
 23238 | D:15     | Reached skill level 1 in Earth Magic
 23384 | D:15     | Reached skill level 2 in Earth Magic
 23407 | D:15     | Identified a +1 robe of the Archmagi
 23407 | D:15     | Noticed Josephine
 23411 | D:15     | Killed Josephine
 23412 | D:15     | Reached skill level 3 in Earth Magic
 23474 | D:15     | Learned a level 6 spell: Statue Form
 23694 | D:15     | Reached skill level 4 in Earth Magic
 23877 | D:15     | Found a staircase to the Depths.
 23902 | D:15     | Reached skill level 14 in Transmutations
 24125 | D:15     | Noticed Agnes
 24285 | Orc:1    | Entered Level 1 of the Orcish Mines
 24324 | Orc:1    | Reached skill level 5 in Earth Magic
 24585 | Orc:2    | Entered Level 2 of the Orcish Mines
 24589 | Orc:2    | Reached ****** piety under Wu Jian
 24976 | Orc:2    | Reached skill level 6 in Earth Magic
 24977 | Orc:2    | Found Ecremm's General Store.
 24980 | Orc:2    | Found Hoxzenue's General Store.
 25375 | Orc:2    | Reached skill level 7 in Earth Magic
 25491 | Orc:2    | Reached skill level 8 in Earth Magic
 25567 | Orc:2    | Found a staircase to the Elven Halls.
 25707 | Orc:2    | Found Fax Umob's Book Shop.
 25718 | Orc:2    | Bought a book of Transfigurations for 600 gold pieces
 25718 | Orc:2    | You pick up a book of Transfigurations and begin reading...
 25718 | Orc:2    | You add the spells Irradiate and Dragon Form to your
                  | library.
 26171 | Orc:2    | Found Xiobbul's Jewellery Shoppe.
 26171 | Orc:2    | Found Muewk's Antique Armour Emporium.
 26171 | Orc:2    | Found a one-way gate leading to the halls of Pandemonium.
 26280 | Orc:2    | Bought the amulet of Vitality {RegenMP++ Regen++} for 1200
                  | gold pieces
 26280 | Orc:2    | Found the amulet of Vitality {RegenMP++ Regen++}
 26458 | Snake:1  | Entered Level 1 of the Snake Pit
 26564 | Snake:1  | Reached skill level 9 in Earth Magic
 26635 | Snake:1  | Identified the scarf of Cowardice {harm, Contam rC+ Int+5}
 26770 | Snake:1  | Noticed Donald
 26785 | Snake:1  | Killed Donald
 26785 | Snake:1  | Reached skill level 15 in Transmutations
 26801 | Snake:1  | Reached XP level 16. HP: 120/139 MP: 24/24
 26924 | Snake:1  | Learned a level 7 spell: Dragon Form
 27381 | Snake:2  | Reached skill level 16 in Transmutations
 27426 | Snake:2  | Reached skill level 6 in Spellcasting
 27433 | Snake:2  | Gained mutation: You occasionally lose the ability to read
                  | scrolls when taking damage. [mutagenic glow]
 27442 | Snake:2  | Gained mutation: You occasionally lose the ability to drink
                  | potions when taking damage. [mutagenic glow]
 28152 | Snake:2  | Noticed Louise
 28165 | Snake:2  | Killed Louise
 28167 | Snake:2  | a +3 eveningstar of venom {macerare=g}; a +0 chain mail of
                  | willpower; a +0 tower shield
 28202 | Snake:2  | a +3 eveningstar of venom {macerare=g}; a +0 chain mail of
                  | willpower; a +0 tower shield
 28202 | Snake:2  | a +3 eveningstar of venom {macerare=g}; a +0 chain mail of
                  | willpower; a +0 tower shield
 28202 | Snake:2  | Could not pick up a +3 eveningstar of venom {macerare=g}
                  | here; ([A]lways) ignore it?
 28591 | Snake:2  | a +3 eveningstar of venom {macerare}; a +0 chain mail of
                  | willpower; a +0 tower shield
 28606 | Snake:2  | a +3 eveningstar of venom {macerare}; a +0 chain mail of
                  | willpower; a +0 tower shield
 28755 | Snake:3  | Reached skill level 7 in Spellcasting
 28755 | Snake:3  | Reached skill level 17 in Transmutations
 28978 | Snake:3  | Got the Compendium of Nasty Shapes
 29155 | Snake:3  | Noticed Nikola
 29166 | Snake:3  | Killed Nikola
 29266 | Snake:3  | Noticed Vashnia
 29272 | Snake:3  | HP: 50/208 [Vashnia/arrow (15)]
 29274 | Snake:3  | Killed Vashnia
 29277 | Snake:3  | Noticed Aizul
 29281 | Snake:3  | HP: 47/208 [Aizul/bolt of poison (11)]
 29282 | Snake:3  | Killed Aizul
 29286 | Snake:3  | HP: 44/208 [poisoned by Aizul (bolt of poison)]
 29291 | Snake:3  | HP: 48/208 [poisoned by Aizul (bolt of poison)]
 29850 | Snake:4  | Entered Level 4 of the Snake Pit
 29878 | Snake:4  | Reached skill level 8 in Spellcasting
 29886 | Snake:4  | Reached skill level 18 in Transmutations
 29887 | Snake:4  | Reached XP level 17. HP: 146/146 MP: 29/29
 29910 | Snake:4  | Reached skill level 9 in Spellcasting
 29929 | Snake:4  | Reached skill level 10 in Spellcasting
 30036 | Snake:4  | Learned a level 5 spell: Irradiate
 30118 | Snake:4  | Reached skill level 1 in Conjurations
 30224 | Snake:4  | Reached skill level 2 in Conjurations
 30345 | Snake:4  | Found Peclonat's Assorted Antiques.
 30360 | Snake:4  | Bought a scroll of amnesia for 132 gold pieces
 30617 | Snake:4  | Reached skill level 3 in Conjurations
 30695 | Snake:4  | Got a serpentine rune of Zot
 31021 | Shoals:1 | Entered Level 1 of the Shoals
 31117 | Shoals:1 | Found a one-way gate to the infinite horrors of the Abyss.
 31117 | Shoals:1 | Found a corrupted altar of Lugonu.
 31378 | Shoals:1 | Reached skill level 11 in Spellcasting
 31716 | Shoals:2 | Reached skill level 4 in Conjurations
 31791 | Shoals:2 | Found Bides's Armour Shop.
 32050 | Shoals:1 | Reached skill level 12 in Fighting
 32051 | Shoals:1 | Reached skill level 3 in Stealth
 32257 | Shoals:2 | Bought a +0 hat for 76 gold pieces
 32634 | Shoals:2 | Noticed a kraken
 32640 | Shoals:2 | Noticed a kraken
 32647 | Shoals:2 | Killed a kraken
 32649 | Shoals:2 | Killed a kraken
 32759 | Shoals:2 | Noticed a kraken
 32768 | Shoals:2 | Killed a kraken
 32895 | Shoals:2 | Reached skill level 4 in Stealth
 32908 | Shoals:2 | Identified a +0 robe of the Archmagi
 32909 | Shoals:2 | Found a runed translucent door.
 32910 | Shoals:2 | Noticed a kraken
 32914 | Shoals:2 | Identified the +0 plate armour "Diuklan" {rN+ Int+2}
 32920 | Shoals:2 | Killed a kraken
 32940 | Shoals:2 | Reached XP level 18. HP: 155/155 MP: 28/33
 33033 | Shoals:2 | Identified the +3 robe "Ypneuwn" {rElec rPois}
 33050 | Shoals:2 | Reached skill level 16 in Unarmed Combat
 33376 | Shoals:3 | Noticed Polyphemus
 33387 | Shoals:3 | Killed Polyphemus
 33393 | Shoals:3 | HP: 57/234 [merfolk impaler/+0 trident of distortion (3)]
 33398 | Shoals:3 | HP: 18/234 [merfolk impaler/+0 trident of distortion (17)]
 33399 | Shoals:3 | HP: 4/234 [catoblepas[Polyphemus] (7)]
 33400 | Shoals:3 | Slain by a catoblepas

Vanquished Creatures
  Vashnia (Snake:3)
  Nikola (Snake:3)
  4 krakens (Shoals:2)
  Polyphemus (Shoals:3)
  Donald (Snake:1)
  6 nagarajas
  Aizul (Snake:3)
  Louise (Snake:2)
  A stone giant (D:15)
  3 merfolk javelineers (Shoals:2)
  Josephine (D:15)
  2 merfolk impalers (Shoals:2)
  2 fire dragons
  8 vault guards (D:14)
  A rakshasa (D:15)
  4 salamander tyrants (Snake:4)
  An ogre mage (D:15)
  6 hydras
  2 demonspawn (Orc:2)
  4 centaur warriors
  2 merfolk avatars (Shoals:2)
  9 two-headed ogres
  2 satyrs
  6 anacondas
  6 merfolk aquamancers
  2 boulder beetles
  2 death knights
  3 tengu warriors
  15 naga warriors
  5 shock serpents
  26 naga sharpshooters
  11 death yaks
  7 orc high priests (Orc:2)
  3 skeletal warriors
  3 skysharks
  A sixfirhy (Orc:2)
  3 salamander mystics
  4 sea snakes
  A swamp dragon (Lair:5)
  5 harpies
  7 orc knights
  2 mana vipers
  A lindwurm (Lair:5)
  6 orc sorcerers (Orc:2)
  A deep elf pyromancer (D:12)
  6 manticores
  6 ugly things
  15 salamanders
  6 cyclopes
  20 fauns
  4 guardian serpents (Snake:4)
  Maurice (D:13)
  11 elephants
  7 merfolk sirens
  A torpor snail (Lair:5)
  29 naga magi
  29 black mambas
  An orange demon (Orc:2)
  3 water nymphs
  An unseen horror (D:12)
  11 cane toads
  A kobold demonologist (D:10)
  4 rime drakes
  An ice devil (Orc:2)
  2 freezing wraiths (D:14)
  12 komodo dragons
  3 tengu conjurers
  A red devil (Orc:2)
  2 polar bears
  A hellwing (Orc:2)
  A wind drake (Shoals:2)
  25 merfolk
  6 trolls
  A hornet (D:8)
  Grinder (D:5)
  4 snapping turtles
  4 dream sheep
  25 blink frogs
  6 slime creatures (D:12)
  7 water elementals
  9 wraiths
  2 shadows
  3 wyverns
  6 basilisks
  26 yaks
  4 steam dragons
  4 vampire mosquitoes (D:13)
  3 wargs (Orc:1)
  An acid dragon (D:9)
  70 nagas
  12 water moccasins
  4 swamp drakes (Lair:5)
  A black bear (Lair:3)
  44 orc warriors
  6 ice beasts
  4 ogres
  48 wolves
  17 centaurs
  3 kobold brigands
  A scorpion (D:6)
  7 bullfrogs
  7 gnoll sergeants
  9 wights
  16 killer bees
  2 howler monkeys (D:11)
  An electric eel (D:12)
  5 hounds
  22 orc priests
  5 iguanas (Lair:5)
  A sleepcap (D:6)
  3 gnoll boudas
  Ijyb (D:3)
  4 hell rats (Lair:4)
  13 orc wizards
  Robin (D:2)
  8 adders
  32 gnolls
  A shadow imp (D:6)
  2 worms (D:2)
  3 dart slugs
  91 orcs
  12 endoplasms
  2 giant cockroaches (D:4)
  8 goblins
  6 hobgoblins
  13 jackals
  25 kobolds
  2 quokkas (D:2)
  10 ball pythons
  6 bats
  A frilled lizard (D:1)
  4 rats
  A lurking horror (Shoals:1)
  14 tentacles (Shoals:2)
1048 creatures vanquished.

Vanquished Creatures (others)
  An orc priest (D:15)
  An iguana (Lair:5)
  An orc wizard (D:6)
  An orc (D:15)
  26 fungi
  54 plants
  16 tentacles (Shoals:2)
  4 toadstools (D:1)
  2 withered plants (D:10)
106 creatures vanquished.

Grand Total: 1154 creatures vanquished

Table legend:
 A = Non-vault XP
 B = Vault XP
 C = Vault XP percentage of total XP
 D = Non-vault monster count
 E = Vault monster count
 F = Vault count percentage of total count
                 A         B        C        D         E       F
            +---------+---------+-------+---------+---------+-------
      Total |  184353 |  121513 |  39.7 |     683 |     351 |  33.9
            +---------+---------+-------+---------+---------+-------
        D:1 |      38 |       6 |  13.6 |      22 |       2 |   8.3
        D:2 |      73 |      15 |  17.0 |      30 |       1 |   3.2
        D:3 |     146 |      49 |  25.1 |      20 |       8 |  28.6
        D:4 |     227 |       0 |   0.0 |      21 |       0 |   0.0
        D:5 |     171 |     267 |  61.0 |       3 |       1 |  25.0
        D:6 |    1444 |       0 |   0.0 |      32 |       0 |   0.0
        D:7 |    1504 |       0 |   0.0 |      10 |       0 |   0.0
        D:8 |    2920 |     249 |   7.9 |      29 |       2 |   6.5
        D:9 |    1714 |    1528 |  47.1 |      27 |       9 |  25.0
       D:10 |    1737 |    1529 |  46.8 |      25 |      24 |  49.0
       D:11 |    3937 |       0 |   0.0 |      21 |       0 |   0.0
       D:12 |    7579 |    1241 |  14.1 |      26 |       3 |  10.3
       D:13 |    4433 |     472 |   9.6 |      11 |       1 |   8.3
       D:14 |    5446 |    6957 |  56.1 |      13 |       8 |  38.1
       D:15 |   11841 |    4428 |  27.2 |      25 |       8 |  24.2
     Lair:1 |    2895 |    2055 |  41.5 |      12 |      14 |  53.8
     Lair:2 |    4127 |     163 |   3.8 |      14 |       1 |   6.7
     Lair:3 |    8036 |    5333 |  39.9 |      27 |      30 |  52.6
     Lair:4 |   11570 |    1166 |   9.2 |      31 |       4 |  11.4
     Lair:5 |    9488 |   12507 |  56.9 |      29 |      35 |  54.7
   Shoals:1 |   15254 |       0 |   0.0 |      31 |       0 |   0.0
   Shoals:2 |   15793 |   17927 |  53.2 |      33 |      28 |  45.9
   Shoals:3 |     924 |    6897 |  88.2 |       2 |      10 |  83.3
    Snake:1 |   14895 |    6034 |  28.8 |      33 |      17 |  34.0
    Snake:2 |   18548 |    1199 |   6.1 |      35 |       1 |   2.8
    Snake:3 |    9336 |   15155 |  61.9 |      21 |      19 |  47.5
    Snake:4 |   25181 |   18594 |  42.5 |      53 |      33 |  38.4
      Orc:1 |    2899 |     142 |   4.7 |      26 |       5 |  16.1
      Orc:2 |    2197 |   16750 |  88.4 |      21 |      64 |  75.3
     Bailey |       0 |     850 | 100.0 |       0 |      23 | 100.0
            +---------+---------+-------+---------+---------+-------

Illustrated notes

Table legend:
 A = Kills in this place as a percentage of kills in the entire game.
 B = Kills by you in this place as a percentage of kills by you in the entire game.
 C = Kills by friends in this place as a percentage of kills by friends in the entire game.
 D = Other kills in this place as a percentage of other kills in the entire game.
 E = Experience gained in this place as a percentage of experience gained in the entire game.
 F = Experience gained in this place divided by the number of levels of this place that you have seen.
                   A       B       C       D       E      F
               +-------+-------+-------+-------+-------+----------------------
         Total | 100.0 | 100.0 |   N/A | 100.0 | 100.0 | 9866.6
       Dungeon |  36.9 |  36.9 |   N/A | 100.0 |  19.6 | 3996.7
          Lair |  19.1 |  19.1 |   N/A |   0.0 |  18.7 | 11468.0
        Shoals |  10.1 |  10.1 |   N/A |   0.0 |  18.6 | 18931.7
     Snake Pit |  20.5 |  20.5 |   N/A |   0.0 |  35.6 | 27235.5
  Orcish Mines |  11.2 |  11.2 |   N/A |   0.0 |   7.2 | 10994.0
        Bailey |   2.2 |   2.2 |   N/A |   0.0 |   0.3 | 850.0
               +-------+-------+-------+-------+-------+----------------------

Table legend: (Time is in decaauts)
 A = Elapsed time spent in this place.
 B = Non-inter-level travel time spent in this place.
 C = Inter-level travel time spent in this place.
 D = Time resting spent in this place.
 E = Time spent auto-exploring this place.
 F = Levels seen in this place.
 G = Mean time per level.
                   A        B        C        D        E       F      G
               +--------+--------+--------+--------+--------+-----+--------+
         Total |  33294 |  31716 |   1578 |   4948 |  16739 |  31 | 1074.0 |
       Dungeon |  15682 |  14996 |    686 |   2057 |   9265 |  15 | 1045.5 |
        Temple |    231 |    219 |     12 |      0 |    207 |   1 |  231.0 |
          Lair |   7886 |   7581 |    305 |   1686 |   3763 |   5 | 1577.2 |
        Shoals |   2399 |   2249 |    150 |    400 |    582 |   3 |  799.7 |
     Snake Pit |   4538 |   4307 |    231 |    231 |   2141 |   4 | 1134.5 |
  Orcish Mines |   2104 |   1911 |    193 |    435 |    741 |   2 | 1052.0 |
        Bailey |    450 |    450 |      0 |    139 |     39 |   1 |  450.0 |
               +--------+--------+--------+--------+--------+-----+--------+

Top non-repeatable levels by time:
  Lair:5: 1989 daAuts
  Lair:3: 1923 daAuts
   Orc:2: 1635 daAuts
  Lair:2: 1624 daAuts
     D:3: 1624 daAuts
     D:2: 1613 daAuts
 Snake:2: 1389 daAuts
     D:9: 1265 daAuts
 Snake:3: 1224 daAuts
     D:6: 1211 daAuts
  Lair:1: 1177 daAuts
  Lair:4: 1172 daAuts
Shoals:2: 1109 daAuts
     D:1: 1108 daAuts
     D:8: 1104 daAuts
